 Dungeon Crawl Stone Soup version 0.29-a0-717-g6dac4ea423 (webtiles) character file.

Game seed: 2612835470487596834

20 gobodom the Gusty (level 2, 0/15 HPs)
             Began as a Tengu Air Elementalist on June 27, 2022.
             Killed from afar by Sigmund (8 damage)
             ... with a puff of flame
             ... on level 2 of the Dungeon.
             The game lasted 00:03:36 (1538 turns).

gobodom the Gusty (Tengu Air Elementalist)          Turns: 1538, Time: 00:03:37

Health: 0/15       AC:  2    Str:  8    XL:     2   Next: 79%
Magic:  0/6        EV: 12    Int: 15    God:
Gold:   84         SH:  0    Dex: 14    Spells: 4/5 levels left

rFire   . . .      SeeInvis .   j - +3 short sword
rCold   . . .      Faith    .   (no shield)
rNeg    . . .      Spirit   .   a - +0 robe
rPois   .          Reflect  .   (helmet restricted)
rElec   .          Harm     .   (no cloak)
rCorr   .          Rampage  .   (no gloves)
Will    .....                   (boots unavailable)
Stlth   +.........              (no amulet)
HPRegen 0.05/turn               (no ring)
MPRegen 0.10/turn               (no ring)

@: confused, lethally poisoned (0 -> -7)
A: beak, talons 3
a: no special abilities


You were on level 2 of the Dungeon.
You visited 1 branch of the dungeon, and saw 2 of its levels.

You collected 84 gold pieces.

Inventory:

Hand Weapons
 j - a +3 short sword (weapon)
Armour
 a - a +0 robe (worn)
Scrolls
 d - 2 scrolls of fog {unknown}
 f - a scroll of blinking {unknown}
 h - 3 scrolls of identify {unknown}
 i - a scroll of brand weapon {unknown}
 l - a scroll of amnesia {unknown}
Potions
 b - a potion of magic
 e - a potion of lignification {unknown}
 g - a potion of ambrosia {unknown}
 k - a potion of brilliance {unknown}


   Skills:
 + Level 2.4 Dodging
 + Level 2.0 Stealth
 + Level 2.2 Spellcasting
 + Level 2.0 Conjurations
 + Level 4.5 Air Magic


You had 4 spell levels left.
You knew the following spells:

 Your Spells              Type           Power      Damage    Failure   Level
a - Shock                 Conj/Air       44%        1d5       5%          1

Your spell library contained the following spells:

 Spells                   Type           Power      Damage    Failure   Level
 Static Discharge         Conj/Air       11%        N/A       9%          2
 Swiftness                Air            15%        N/A       10%         3
 Ensorcelled Hibernation  Hex/Ice        2%         N/A       32%         2
 Passwall                 Tmut/Erth      0%         N/A       32%         2
 Airstrike                Air            7%         N/A       32%         4
 Gell's Gravitas          Tloc           1%         N/A       54%         3
 Lesser Beckoning         Tloc           1%         N/A       54%         3
 Teleport Other           Tloc           1%         N/A       54%         3


Dungeon Overview and Level Annotations

Branches:
Dungeon (2/15)

Altars:

Shops:
D:2 ?

Annotations:
D:2 Sigmund


Innate Abilities, Weirdness & Mutations

You have a beak for a mouth.
You have claws for feet.


Message History

Found 18 gold pieces.
The zap hits the hobgoblin.
The hobgoblin is heavily wounded.
The hobgoblin shouts!
The zap hits the hobgoblin.
You kill the hobgoblin!
Sigmund the Dreaded comes into view.
He is wielding a +1 scythe of venom and wearing a +2 robe of the Archmagi.
The zap hits Sigmund.
Sigmund is lightly wounded.
The zap misses Sigmund.
Sigmund misses you.
The zap hits Sigmund but does no damage.
Sigmund is lightly wounded.
The zap hits Sigmund.
Sigmund is moderately wounded.
Sigmund misses you.
Found a stone staircase leading up.
Sigmund hits you with a +1 scythe of venom!
Ouch! That really hurt!
* * * LOW HITPOINT WARNING * * *
You hit Sigmund but do no damage. Your kick misses Sigmund.
Your peck misses Sigmund.
Sigmund is moderately wounded.
It was a potion of heal wounds.
You feel much better.
Sigmund hits you with a +1 scythe of venom!
You are lethally poisoned!
You feel much better.
You feel very sick. Sigmund barely misses you.
The zap hits Sigmund.
Sigmund is moderately wounded.
You feel very sick.
You closely miss Sigmund. Your kick misses Sigmund.
Sigmund is moderately wounded.
You feel sick. Sigmund gestures at you while chanting.
You are confused.
Sigmund gestures at you while chanting. The puff of flame hits you!
Ouch! That really hurt!
You die...

###.>.....♣♣.♣P...#.#
###...P.)_.♣..#'#.#
#....♣P♣.P......#
###..♣♣.PP......#
#.P....P......##
######..............
#...####...#......##
#.###...####...##.....#.
#$....@@............#.#.
<.....#....##.......#...
.#... #....##.......###.
##. #....##.......# #. #
#######.#####.# #< .# #.
## .# #. .#


You could see Sigmund.

Vanquished Creatures
  A dart slug (D:2)
  2 bats (D:1)
  3 endoplasms
  A giant cockroach (D:1)
  2 hobgoblins
  A ball python (D:1)
  4 frilled lizards (D:1)
  2 kobolds
  2 rats (D:1)
18 creatures vanquished.

Notes
Turn   | Place    | Note
-------+----------+-------------------------------------------
     0 | D:1      | gobodom the Tengu Air Elementalist began the quest for the
                  | Orb.
     0 | D:1      | Reached XP level 1. HP: 10/10 MP: 4/4
   250 | D:1      | Reached XP level 2. HP: 15/15 MP: 0/6
   342 | D:1      | You fall into a shaft and drop 1 floor!
   396 | D:2      | Found Kisue's Magic Scroll Shop.
  1436 | D:2      | Found a faded altar of an unknown god.
  1528 | D:2      | Noticed Sigmund
  1538 | D:2      | Killed from afar by Sigmund

Illustrated notes

Levels and vault maps discovered:
D:1:      pf_arrival_petrified_forest, layout_basic
D:2:      layout_basic, dreamdust_ecumenical_altar_grove, serial_shops,
          nicolae_shop_hallway_stairs, uniq_terence, uniq_sigmund

Skill      XL: |  1  2 |
---------------+-------+-----
Conjurations   | 2 |  2.0
Dodging        | |  2.4
Stealth        | |  2.0
Spellcasting   | |  2.2
Air Magic      | |  4.5

Action                   || total
-------------------------++-------
Melee: Short sword       ||     2
 Cast: Shock             ||    41
  Use: Potion            ||     2
Armor: Robe              ||     2
Dodge: Dodged            ||     8

Table legend: (Time is in decaauts)
 A = Elapsed time spent in this place.
 B = Non-inter-level travel time spent in this place.
 C = Inter-level travel time spent in this place.
 D = Time resting spent in this place.
 E = Time spent auto-exploring this place.
 F = Levels seen in this place.
 G = Mean time per level.
                   A        B        C        D        E       F      G
               +--------+--------+--------+--------+--------+-----+--------+
         Total |   1537 |   1537 |      0 |      0 |   1263 |   2 |  768.5 |
       Dungeon |   1537 |   1537 |      0 |      0 |   1263 |   2 |  768.5 |
               +--------+--------+--------+--------+--------+-----+--------+

Top non-repeatable levels by time:
     D:1: 1338 daAuts
     D:2: 199 daAuts
